 Dungeon Crawl Stone Soup version 0.28.0-43-g3370ac3207 (webtiles) character file.

Game seed: 17289560577131459919

409 Zeld the Magician (level 6, -11/32 HPs)
             Began as a Deep Elf Fire Elementalist on Mar 14, 2022.
             Was an Initiate of Vehumet.
             Killed from afar by Ijyb (18 damage)
             ... with an iceblast
             ... on level 4 of the Dungeon.
             The game lasted 00:03:17 (4213 turns).

Zeld the Magician (Deep Elf Fire Elementalist)      Turns: 4213, Time: 00:03:17

Health: -11/32     AC:  4    Str:  5    XL:     6   Next: 58%
Magic:  15/16      EV: 13    Int: 22    God:    Vehumet [......]
Gold:   171        SH:  0    Dex: 15    Spells: 13/16 levels left

rFire   . . .      SeeInvis .   (no weapon)
rCold   . . .      Faith    .   (no shield)
rNeg    . . .      Spirit   .   a - +0 robe
rPois   .          Reflect  .   (no helmet)
rElec   .          Harm     .   c - +0 cloak
rCorr   .          Rampage  .   (no gloves)
Will    .....                   i - +0 pair of boots
Stlth   +++.......              (no amulet)
HPRegen 0.10/turn               (no ring)
MPRegen 0.15/turn               (no ring)

@: no status effects
A: no striking features
a: Renounce Religion


You were on level 4 of the Dungeon.
You worshipped Vehumet.
Vehumet was noncommittal.
You visited 2 branches of the dungeon, and saw 5 of its levels.

You collected 171 gold pieces.

Inventory:

Armour
 a - a +0 robe (worn)
 c - a +0 cloak (worn)
 i - a +0 pair of boots (worn)
Scrolls
 d - a scroll of fear {unknown}
 e - 4 scrolls of identify {unknown}
 f - a scroll of immolation {unknown}
 h - 2 scrolls of teleportation {unknown}
 k - a scroll of blinking {unknown}
 l - a scroll of enchant weapon {unknown}
 n - a scroll of fog {unknown}
 o - a scroll of summoning {unknown}
Potions
 b - a potion of might {unknown}
 g - a potion of curing {unknown}
 j - a potion of cancellation {unknown}
 m - 2 potions of heal wounds {unknown}


   Skills:
 + Level 3.9 Dodging
 + Level 4.1 Stealth
 * Level 5.6 Spellcasting
 + Level 2.9 Conjurations
 * Level 5.0 Fire Magic


You had 13 spell levels left.
You knew the following spells:

 Your Spells              Type           Power      Damage    Failure   Level
a - Foxfire               Conj/Fire      96%        2x1d8     1%          1
b - Scorch                Fire           56%        2d7       1%          2

Your spell library contained the following spells:

 Spells                   Type           Power      Damage    Failure   Level
 Conjure Flame            Conj/Fire      24%        6-21      5%          3
 Animate Skeleton         Necr           12%        N/A       10%         1
 Pain                     Necr           24%        1d5       10%         1
 Sting                    Tmut/Pois      24%        1d4       10%         1
 Inner Flame              Hex/Fire       17%        N/A       10%         3
 Poisonous Vapours        Pois/Air       12%        N/A       14%         2
 Flame Wave               Conj/Fire      24%        2d7       19%         4
 Vampiric Draining        Necr           6%         2d6       28%         3
 Olgreb's Toxic Radiance  Pois           6%         N/A       67%         4


Dungeon Overview and Level Annotations

Branches:
Dungeon (4/15)             Temple (1/1) D:4

Altars:
Ashenzari
Cheibriados
Dithmenos
Elyvilon
Fedhas
Gozag
Hepliaklqana
Kikubaaqudgha
Makhleb
Nemelex Xobeh
Okawaru
Qazlal
Ru
Sif Muna
Uskayaw
Vehumet
Wu Jian
Xom
Yredelemnul
Zin
The Shining One

Portals:
Abyss: D:4

Annotations:
D:4 2 transporters, ChrisAssaf's ghost, amateur HuFE; Ijyb


Message History

Confirm with . or Enter, or press ? or * to list all spells.
You conjure some foxfire!
Casting: Foxfire (safe; 1% risk of failure)
Confirm with . or Enter, or press ? or * to list all spells.
You conjure some foxfire!
Your foxfire dissipates! x2
Your foxfire dissipates!
Your foxfire dissipates!
Ijyb the Twisted Goblin comes into view.
She is wielding a +0 club and carrying a wand of iceblast (10).
Found a scroll labelled VICELU WAECEZ.
Casting: Foxfire (safe; 1% risk of failure)
Confirm with . or Enter, or press ? or * to list all spells.
You conjure some foxfire!
Ijyb shouts!
Ijyb is nearby!
Ijyb is nearby!
Ijyb is nearby!
Casting: Foxfire (safe; 1% risk of failure)
Confirm with . or Enter, or press ? or * to list all spells.
You miscast Foxfire.
You are very lightly contaminated with residual magic.
Nothing appears to happen.
The foxfire hits Ijyb but does no damage.
The foxfire hits Ijyb.
Ijyb is lightly wounded.
Press: ? - help, v - describe, . - travel
Here: Ijyb, wielding a +0 club, wearing a +0 ring mail and carrying a wand of iceblast (10) (lightly wounded)
The floor.
Ijyb grins evilly.
Ijyb drinks a potion.
Ijyb suddenly seems more resistant.
Ijyb zaps a wand.
The mass of ice explodes!
The iceblast engulfs you!
Ijyb screams, "Get away!"
You start resting.
Your magical contamination has completely faded away.
Ijyb zaps a wand.
The mass of ice explodes!
The iceblast engulfs you!!
Ouch! That really hurt!
* * * LOW HITPOINT WARNING * * *
Ijyb zaps a wand.
The mass of ice explodes!
The iceblast engulfs you!!
Ouch! That really hurt!
You die...

#### ? #.... ...## #.
###..)## ....# .#......
##..##g..#.....##
.##.©#x# #.....# ..#.##.#
#....### #.### ...
#..g...# .#. :#
#^^.##...########.
W#...^#....x#...@........
x∩.# ...###.#...#########
#.####x##.###..##
###..###.......#
...............#
.......[.......#
..###..######### ..###.##
......#


You could see a small abomination and Ijyb (resistant).

Vanquished Creatures
  A necrophage (D:4)
  2 ogres (D:4)
  An orc wizard (D:4)
  3 gnolls (D:3)
  2 adders
  An adder skeleton (D:4)
  A dart slug (D:3)
  5 orcs (D:4)
  7 ball pythons
  6 endoplasms
  5 giant cockroaches
  8 goblins
  4 hobgoblins
  5 quokkas
  8 bats
  4 frilled lizards
  11 kobolds
  3 rats
77 creatures vanquished.

Vanquished Creatures (others)
  251 foxfires
  2 plants (D:2)
253 creatures vanquished.

Grand Total: 330 creatures vanquished

Notes
Turn   | Place    | Note
-------+----------+-------------------------------------------
     0 | D:1      | Zeld the Deep Elf Fire Elementalist began the quest for the
                  | Orb.
     0 | D:1      | Reached XP level 1. HP: 10/10 MP: 6/6
    74 | D:1      | Reached XP level 2. HP: 15/15 MP: 2/8
   178 | D:1      | Learned a level 2 spell: Scorch
  1420 | D:2      | Reached XP level 3. HP: 18/19 MP: 6/10
  1638 | D:2      | Found a faded altar of an unknown god.
  2432 | D:3      | Reached XP level 4. HP: 24/24 MP: 6/12
  3057 | D:4      | Noticed a necrophage
  3065 | D:4      | Killed a necrophage
  3066 | D:4      | Reached XP level 5. HP: 28/28 MP: 7/14
  3269 | D:4      | Reached skill level 5 in Spellcasting
  3665 | D:4      | Noticed an ogre
  3668 | D:4      | Found a staircase to the Ecumenical Temple.
  3672 | D:4      | Killed an ogre
  3673 | D:4      | Reached XP level 6. HP: 32/32 MP: 6/16
  3681 | Temple   | Entered the Ecumenical Temple
  3843 | Temple   | Became a worshipper of Vehumet
  4035 | D:4      | Found a transporter.
  4060 | D:4      | Reached skill level 5 in Fire Magic
  4128 | D:4      | Found a transporter.
  4129 | D:4      | Found a one-way gate to the infinite horrors of the Abyss.
  4129 | D:4      | Noticed ChrisAssaf's ghost (amateur HuFE)
  4201 | D:4      | Noticed Ijyb
  4213 | D:4      | Killed from afar by Ijyb

Illustrated notes

Levels and vault maps discovered:
D:1:      amcnicky_arrival_wind_blow, layout_loops_ring, minmay_hexomino_p4
D:2:      layout_loops_corners, shapermc_ecumenical_altar_acropolis
D:3:      layout_basic
D:4:      layout_basic, minmay_temple_entry_grid,
          gammafunk_ghost_abyssal_escape, uniq_ijyb
Temple:   mainiacjoe_temple_archimedes_tessellation

Skill      XL: |  1  2  3  4  5  6 |
---------------+-------------------+-----
Dodging        | 3 |  3.9
Spellcasting   | 4 5 |  5.6
Stealth        | 3 4 |  4.1
Fire Magic     | 4 5 |  5.0
Conjurations   | 2 |  2.9

Action                   |  1- 3 |  4- 6 || total
-------------------------+-------+-------++-------
Melee: Unarmed           |     7 |       ||     7
 Cast: Foxfire           |    96 |    48 ||   144
       Scorch            |     4 |    26 ||    30
Armor: Robe              |     9 |     3 ||    12
Dodge: Dodged            |    15 |    16 ||    31
